 Dungeon Crawl Stone Soup version 0.32-a0-872-g59262bdc9b (webtiles) character file.

Game seed: 16268150632310071527

185 jasper the Cudgeller (level 5, -1/82 HPs)
             Began as an Oni Gladiator on Mar 31, 2024.
             Slain by a gnoll
             ... wielding a +0 flail
             ... led by a gnoll bouda
              (12 damage)
             ... on level 4 of the Dungeon.
             The game lasted 00:03:46 (2760 turns).

jasper the Cudgeller (Oni Gladiator)                Turns: 2760, Time: 00:03:47

Health: -1/82      AC:  4    Str: 20    XL:     5   Next: 64%
Magic:  5/5        EV:  9    Int:  9    God:
Gold:   177        SH:  0    Dex: 10    Spells: 4/4 levels left

rFire   . . .        a - +1 flail
rCold   . . .        (no shield)
rNeg    . . .        b - +0 robe
rPois   .            c - +0 hat
rElec   .            n - +0 cloak
rCorr   .            (gloves unavailable)
SInv    .            (boots unavailable)
Will    .....        (no amulet) Stlth
                     (no ring)
HPRegen 0.33/turn    (no ring)
MPRegen 0.09/turn

%: no passive effects
@: berserking, weakened, very quick
A: large, unfitting armour, horns 1, tough skin 1, double potion healing,
drunken brawling
a: no special abilities


You were on level 4 of the Dungeon.
You visited 1 branch of the dungeon, and saw 4 of its levels.

You collected 177 gold pieces.

Inventory:

Hand Weapons
 a - a +1 flail (weapon)
Missiles
 d - 3 throwing nets
 e - a large rock
 f - 4 boomerangs (quivered)
Armour
 b - a +0 robe (worn)
 c - a +0 hat (worn)
 n - a +0 cloak (worn)
Wands
 j - a wand of warping (9)
Scrolls
 i - a scroll of brand weapon {unknown}
 o - a scroll of amnesia
 q - a scroll of enchant weapon
Potions
 g - a potion of curing
 h - a potion of enlightenment {unknown}
 k - a potion of resistance {unknown}
 l - a potion of berserk rage
 m - 2 potions of might {unknown}
 p - 2 potions of mutation {unknown}


   Skills:
 + Level 4.8 Fighting
 * Level 5.3 Maces & Flails
 - Level 2.0 Throwing
 - Level 2.6 Dodging


You had 4 spell levels left.
You didn't know any spells.
Your spell library was empty.

Dungeon Overview and Level Annotations

Branches:
Dungeon (4/15)
 Temple: D:4-7

Altars:
Fedhas
Gozag
Xom

Annotations:
D:3 2 runed translucent doors, gosagan's ghost, amateur OpBr
D:4 1 runed translucent door, 601d51SH's ghost, weakling DrDe


Innate Abilities, Weirdness & Mutations

You are too large for most types of armour.
You have a pair of small horns on your head.
You have tough skin. (AC +1)
You gain doubled healing and magic from potions.
Whenever you drink a healing potion, you attack all around you.


Message History

You thump the gnoll!
You headbutt the gnoll, but do no damage.
The gnoll is severely wounded.
You closely miss the gnoll bouda.
The gnoll bouda is heavily wounded.
You savour every drop.
You feel better. The gnoll barely misses you.
The gnoll bouda hits you with a +0 whip.
The gnoll closely misses you.
You regained 13 hp, and now have 18/55 hp.
It was a potion of berserk rage.
A red film seems to cover your vision as you go berserk!
You feel yourself moving faster!
You feel mighty!
The gnoll is no longer moving quickly.
The gnoll closely misses you. The gnoll bouda barely misses you.
The gnoll barely misses you.
You now have 28/82 hp.
You hit the gnoll bouda.
The gnoll bouda is severely wounded.
The gnoll hits you with a +0 flail.
* * * LOW HITPOINT WARNING * * *
The gnoll bouda calls upon its god to heal the gnoll.
The gnoll is healed somewhat.
You take 6 damage, and have 22/82 hp.
You hit the gnoll bouda.
You kill the gnoll bouda!
The gnoll is no longer moving quickly.
The gnoll hits you from afar with a +0 spear.
* * * LOW HITPOINT WARNING * * *
You take 2 damage, and have 20/82 hp.
The gnoll hits you with a +0 spear.
* * * LOW HITPOINT WARNING * * *
You sock the gnoll!
The gnoll is heavily wounded.
The gnoll hits you with a +0 flail!
* * * LOW HITPOINT WARNING * * *
The gnoll hits you but does no damage.
You take 9 damage, and have 11/82 hp.
You sock the gnoll!
You kill the gnoll!
The gnoll hits you with a +0 flail!
You die...

##......###.'.
########......#..†###
##....ß.ß.ß.....####
# #................##
#.....ß.ß.ß.......##
#...#####.....#....##
###.###
#...###.....## #.g.#
#............# ###@#
..#...........
#$#.....#.###.....
#.......#####......
#................##
##....###......).#.
#...###......<....
..#.. ......†.....
..#..#..##........
.###.. ###.#....


You could see a gnoll.

Vanquished Creatures
  A gnoll bouda (D:4)
  6 adders
  3 gnolls
  2 ribbon worms
  2 dart slugs
  5 orcs
  3 bats (D:1)
  6 endoplasms
  5 giant cockroaches
  10 goblins
  2 hobgoblins (D:4)
  4 jackals (D:2)
  4 kobolds
  5 quokkas
  5 ball pythons
  5 rats
68 creatures vanquished.

Notes
Turn   | Place    | Note
-------+----------+-------------------------------------------
     0 | D:1      | jasper the Oni Gladiator began the quest for the Orb.
     0 | D:1      | Reached XP level 1. HP: 22/22 MP: 1/1
   227 | D:1      | Reached XP level 2. HP: 30/31 MP: 2/2
   836 | D:2      | Reached XP level 3. HP: 37/37 MP: 3/3
   855 | D:2      | Reached skill level 4 in Maces & Flails
   990 | D:2      | Reached XP level 4. HP: 46/48 MP: 4/4
  1518 | D:3      | Found a shimmering altar of Xom.
  1598 | D:3      | Found an opulent altar of Gozag.
  1738 | D:3      | Found a large runed translucent door.
  1739 | D:3      | Found a large runed translucent door.
  1935 | D:3      | Noticed gosagan's ghost (amateur OpBr)
  2148 | D:4      | Reached XP level 5. HP: 49/55 MP: 5/5
  2263 | D:3      | Reached skill level 5 in Maces & Flails
  2521 | D:4      | Found a blossoming altar of Fedhas.
  2533 | D:4      | Identified the +9 sling "Istruegh" {antimagic, rElec Dex+3}
  2537 | D:4      | Found a runed translucent gate.
  2539 | D:4      | Noticed 601d51SH's ghost (weakling DrDe)
  2760 | D:4      | Slain by a gnoll

Illustrated notes

Levels and vault maps discovered:
D:1:      lightli_arrival_statue_moat, layout_basic
D:2:      layout_loops_ring, solitary_fountain
D:3:      layout_basic, lemuel_round_altar, old_standard_altar,
          ebering_ghost_disaster_area
D:4:      layout_cave_pools, mainiacjoe_overflow_alcove_2, serial_column_ruins,
          column_ruins_hut_ruined, column_ruins_hut, column_ruins_open_small,
          column_ruins_corridor_straight, column_ruins_grid_1,
          column_ruins_grid_1, biasface_ghost_orc_armoury, wad_orctagon

Skill      XL: |  1  2  3  4  5 |
---------------+----------------+-----
Fighting       | 3 4 |  4.8
Maces & Flails | 4 5 |  5.3
Throwing       | |  2.0
Dodging        | |  2.6

Action                     |  1- 3 |  4- 6 || total
---------------------------+-------+-------++-------
  Melee: Flail             |    83 |    73 ||   156
         Headbutt          |     9 |    15 ||    24
  Throw: Large rock        |     2 |       ||     2
         Boomerang         |     7 |    50 ||    57
         Throwing net      |       |     1 ||     1
    Use: Scroll            |     2 |     4 ||     6
         Potion            |       |     3 ||     3
   Stab: Sleeping          |     1 |       ||     1
         Held in net/web   |       |     1 ||     1
 Armour: Robe              |    58 |    69 ||   127
  Dodge: Dodged            |    47 |    53 ||   100

Table legend: (Time is in decaauts)
 A = Elapsed time spent in this place.
 B = Non-inter-level travel time spent in this place.
 C = Inter-level travel time spent in this place.
 D = Time resting spent in this place.
 E = Time spent auto-exploring this place.
 F = Levels seen in this place.
 G = Mean time per level.
                   A        B        C        D        E       F      G
               +--------+--------+--------+--------+--------+-----+--------+
         Total |   2803 |   2714 |     89 |    161 |   2002 |   4 |  700.8 |
       Dungeon |   2803 |   2714 |     89 |    161 |   2002 |   4 |  700.8 |
               +--------+--------+--------+--------+--------+-----+--------+

Top non-repeatable levels by time:
     D:3: 870 daAuts
     D:1: 794 daAuts
     D:2: 649 daAuts
     D:4: 488 daAuts
